 Dungeon Crawl Stone Soup version 0.25-a0-632-g7713895373 (webtiles) character file.

Game seed: 4125254110940920400, levelgen mode: classic

77 EnegeticOcto the Ducker (level 4, 0/31 HPs)
             Began as an Octopode Fighter on Mar 19, 2020.
             Slain by a gnoll
             ... wielding a +0 spear
              (7 damage)
             ... on level 2 of the Dungeon.
             The game lasted 00:00:28 (1445 turns).

EnegeticOcto the Ducker (Octopode Fighter)          Turns: 1445, Time: 00:00:28

Health: 0/31       AC:  1    Str: 15    XL:     4   Next: 34%
Magic:  4/4        EV: 12    Int: 10    God:
Gold:   68         SH:  9    Dex: 12    Spells: 3/3 levels left

rFire    . . .     SeeInvis .   a - +0 war axe
rCold    . . .     Gourm    .   b - +0 kite shield
rNeg     . . .     Faith    .   (helmet restricted)
rPois    .         Spirit   .   (no amulet)
rElec    .         Reflect  .   (no ring)
rCorr    .         Harm     .   (no ring)
MR       .....                  (no ring)
Stlth    ++........             (no ring)
HPRegen  0.10/turn              (no ring)
MPRegen  0.09/turn              (no ring)
                                (no ring)
                                (no ring)

@: no status effects
A: almost no armour, stealthy swim, amphibious, 8 rings, constrict 8, camouflage
1, gelatinous body 1
a: no special abilities


You were on level 2 of the Dungeon.
You were hungry.

You visited 1 branch of the dungeon, and saw 2 of its levels.

You collected 68 gold pieces.

Inventory:

Hand Weapons
 a - a +0 war axe (weapon)
Armour
 b - a +0 kite shield (worn)
Scrolls
 i - a scroll of identify {unknown}
Potions
 c - a potion of haste {unknown}
 d - a potion of curing {unknown}
 f - a potion of flight {unknown}
 h - a potion of stabbing {unknown}
 k - a potion of might {@q3}
Comestibles
 e - 3 rations


   Skills:
 + Level 3.4 Fighting
 * Level 3.2 Axes
 + Level 3.4 Dodging
 + Level 3.4 Shields


You had 3 spell levels left.
You didn't know any spells.
Your spell library was empty.

Dungeon Overview and Level Annotations

Branches:
Dungeon (2/15)

Altars:


Innate Abilities, Weirdness & Mutations

You cannot wear most types of armour.
You are very stealthy in the water. (Stealth+)
You are amphibious.
You can wear up to eight rings at the same time.
You can use your tentacles to constrict eight enemies at once.
Your skin changes colour to match your surroundings (Stealth+).
Your rubbery body absorbs attacks. (AC +1, EV +1)


Message History

There is an open door here.
You open the door.
There is an open door here.
Done exploring.
Done exploring.
No target in view!
No target in view!
No target in view!
No target in view!
No target in view!
No target in view!
No target in view!
No target in view!
No target in view!
No target in view!
Okay, then.
(D) Dungeon
Where to? (? - help)
There is an open door here.
Some of the chunks of flesh in your inventory have rotted away.
There is an open door here.
There is an escape hatch in the floor here.
Some of the chunks of flesh in your inventory have rotted away.
There is an open door here.
There is an open door here.
All of the chunks of flesh in your inventory have rotted away.
There is a stone staircase leading down here.
You climb downwards.
Found 10 gold pieces.
There is a stone staircase leading up here.
You now have 59 gold pieces (gained 10).
e - 3 rations (gained 1)
You now have 68 gold pieces (gained 9).
You are feeling hungry.
Found a whip.
No target in view!
No target in view!
No target in view!
No target in view!
No target in view!
No target in view!
No target in view!
No target in view!
No target in view!
An adder and a howler monkey come into view.
There are monsters nearby!
The howler monkey hits you. The howler monkey hits you!
You hit the howler monkey. Your grab misses the howler monkey.
You squeeze the howler monkey!
The howler monkey is almost dead.
You block the howler monkey's attack.
You closely miss the howler monkey. Your grab misses the howler monkey.
The howler monkey is almost dead.
You block the howler monkey's attack. The howler monkey barely misses you.
You slash the howler monkey!
You kill the howler monkey!
Your Axes skill increases to level 3!
You have reached level 4!
The adder barely misses you.
You slash the adder! You grab the adder.
The adder is severely wounded.
You constrict the adder. The adder bites you. You block the adder's attack.
You slash the adder!
You kill the adder!
No target in view!
No target in view!
No target in view!
No target in view!
No target in view!
No target in view!
No target in view!
No target in view!
No target in view!
A frilled lizard comes into view.
A frilled lizard is nearby!
A frilled lizard is nearby!
A gnoll comes into view. It is wielding a +0 halberd.
The frilled lizard hisses angrily.
You hear a shout! x2; The gnoll shouts!
The frilled lizard hisses.
A gnoll comes into view. It is wielding a +0 flail.
You block the frilled lizard's attack.
You closely miss the frilled lizard. Your grab misses the frilled lizard.
The frilled lizard closely misses you.
A gnoll comes into view. It is wielding a +0 spear. x2
You barely miss the frilled lizard. Your grab misses the frilled lizard.
You block the gnoll's attack. The frilled lizard bites you. x2
The gnoll barely misses you.
You miss the frilled lizard. Your grab misses the frilled lizard.
The frilled lizard barely misses you. The gnoll misses you.
You closely miss the frilled lizard. You grab the frilled lizard.
You squeeze the frilled lizard.
You kill the frilled lizard!
The gnoll barely misses you.
You hit the gnoll. Your grab misses the gnoll.
The gnoll is moderately wounded.
You block the gnoll's attack.
The gnoll hits you from afar with a +0 halberd!
* * * LOW HITPOINT WARNING * * *
The gnoll hits you from afar with a +0 spear!
You die... # .# .# ###.# .... #gg

#g# #@#
#####.#
#...#.#
♣.♣...#
♣.♣)....#
♣.♣######
♣.♣ #.#
♣.♣ #.#
♣.♣ #.#


You could see 3 gnolls.

Vanquished Creatures
  A howler monkey (D:2)
  An adder (D:2)
  An ooze (D:1)
  A leopard gecko (D:1)
  A giant cockroach (D:1)
  A goblin (D:1)
  5 kobolds (D:1)
  4 bats (D:1)
  11 frilled lizards
  2 rats (D:1)
28 creatures vanquished.

Notes
Turn   | Place    | Note
-------+----------+-------------------------------------------
     0 | D:1      | EnegeticOcto the Octopode Fighter began the quest for the
                  | Orb.
     0 | D:1      | Reached XP level 1. HP: 16/16 MP: 1/1
   295 | D:1      | Reached XP level 2. HP: 10/21 MP: 2/2
   977 | D:1      | Reached XP level 3. HP: 26/26 MP: 3/3
  1424 | D:2      | Reached XP level 4. HP: 21/31 MP: 4/4
  1445 | D:2      | Slain by a gnoll

Levels and vault maps discovered:
D:1:      lemuel_arrival_behind_the_door_small, layout_loops_corners,
          minmay_lizard_king
D:2:      layout_loops_ring, serial_forest, infiniplex_forest_lined_2,
          infiniplex_forest_lined_corner, infiniplex_forest_lined_room_2,
          infiniplex_forest_clump_tiny, infiniplex_forest_straight_3,
          infiniplex_forest_straight_2, infiniplex_forest_clump_tiny,
          infiniplex_forest_straight_4

Skill      XL: |  1  2  3 |
---------------+----------+-----
Axes           | 3 |  3.2
Fighting       | |  3.4
Dodging        | |  3.4
Shields        | |  3.4

Action                   |  1- 3 |  4- 6 || total
-------------------------+-------+-------++-------
Melee: War axe           |    46 |     7 ||    53
       Constrict         |    12 |     2 ||    14
       Tentacles         |     9 |     1 ||    10
 Stab: Sleeping          |     6 |       ||     6
  Eat: Chunk             |     1 |       ||     1
Armor: Skin              |     2 |       ||     2
Dodge: Dodged            |    27 |     6 ||    33
Block: Kite shield       |    25 |     4 ||    29

Table legend:
 A = Non-vault XP
 B = Vault XP
 C = Vault XP percentage of total XP
 D = Non-vault monster count
 E = Vault monster count
 F = Vault count percentage of total count
                 A         B        C        D         E       F
            +---------+---------+-------+---------+---------+-------
      Total |     100 |      11 |   9.9 |      19 |       9 |  32.1
            +---------+---------+-------+---------+---------+-------
        D:1 |      31 |      11 |  26.2 |      16 |       9 |  36.0
        D:2 |      69 |       0 |   0.0 |       3 |       0 |   0.0
            +---------+---------+-------+---------+---------+-------
